[Event "*** Titled Tuesday Blitz"]
[Site "Chess.com"]
[Date "2018.05.01"]
[Round "1"]
[White "gmcorrales"]
[Black "Aygehovit1992"]
[Result "1/2-1/2"]
[WhiteElo "2744"]
[BlackElo "2401"]
[TimeControl "180+2"]
[EndTime "13:06:13 PDT"]
[Termination "Game drawn by repetition"]

1. d4 g6 2. c4 Bg7 3. Nc3 d6 4. h4 Nc6 5. d5 Ne5 6. h5 gxh5 7. Nf3 Nxf3+ 8. gxf3 Nf6 9. Bg5 Bf5 10. e4 Bg6 11. Bd3 Nd7 12. f4 Bxc3+ 13. bxc3 f6 14. Bh6 Nc5 15.
f5 Bf7 16. Bc2 Qd7 17. Be3 O-O-O 18. Bxc5 dxc5 19. Rb1 Qd6 20. Bd3 Rhg8 21. Qf3 Rg4 22. Kd2 Rdg8 23. Qe3 Rf4 24. Rbg1 Rxg1 25. Rxg1 Rg4 26.
Rxg4 hxg4 27. Qh6 Kd7 28. Ke2 g3 29. f4 Qa6 30. e5 Qxa2+ 31. Ke3 Qf2+ 32. Ke4 g2 33. e6+ Kd6 34. Qf8 Qe1+ 35. Kf3 Qf1+ 36. Bxf1 gxf1=Q+ 37. Ke3 Qe1+ 38. Kd3 Qd1+ 39. Ke3 Qg1+ 40.
Kd3 Qd1+ 41. Ke3 Qg1+ 42. Kd2 Qf2+ 43. Kc1 Qe1+ 44. Kb2 Qd2+ 45. Kb3 Qd1+ 46. Kb2 Qd2+ 47. Kb3 Qd1+ 48. Kb2 Qd2+ 49. Kb3 1/2-1/2

[Event "*** Titled Tuesday Blitz"]
[Site "Chess.com"]
[Date "2018.05.01"]
[Round "1"]
[White "Karina_Oparina"]
[Black "Orest_Vovk"]
[Result "0-1"]
[WhiteElo "2092"]
[BlackElo "2471"]
[TimeControl "180+2"]
[EndTime "13:06:14 PDT"]
[Termination "Orest_Vovk won by resignation"]

1. d4 h6 2. c4 g5 3. Nc3 Bg7 4.
e4 c5 5. Be3 Nc6 6. dxc5 Bxc3+ 7. bxc3 Qa5 8. Qd2 Nf6 9. f3 b6 10. cxb6 axb6 11. Bd3 Ne5 12. Rb1 Qxa2 13. Bxb6 Nxd3+ 14. Qxd3 Qxg2 15. Qe2 Qxh1 16. Bd4 O-O 17. Rd1 Nh5 18.
Be3 d6 19. Bd2 Ra2 20. Qf2 Nf4 21. Qg3 Nd3+ 22. Ke2 Nf4+ 23. Ke1 e5 24. Kf2 Bh3 25. Ke3 Qg2 26. Qxg2 Nxg2+ 27. Ke2 Nf4+ 28. Kf2 Be6 0-1

[Event "*** Titled Tuesday Blitz"]
[Site "Chess.com"]
[Date "2018.05.01"]
[Round "1"]
[White "GMMatamoros"]
[Black "dmosesov"]
[Result "1-0"]
[WhiteElo "2513"]
[BlackElo "2181"]
[TimeControl "180+2"]
[EndTime "13:06:26 PDT"]
[Termination "GMMatamoros won by resignation"]

1. Nf3 d5 2. c4 e6 3. g3 Nf6 4.
Bg2 Be7 5. O-O O-O 6. b3 b6 7. Bb2 Bb7 8. e3 dxc4 9. bxc4 c5 10. Nc3 Nc6 11. Qe2 Qc8 12. Ne1 Rd8 13. f4 h6 14.
Rd1 Bf8 15. g4 Ne8 16. g5 hxg5 17. fxg5 Nd6 18. Ne4 Nf5 19. Qh5 Nb4 20. g6 fxg6 21.
Qxg6 Bxe4 22. Bxe4 Rb8 23. Nf3 Nd3 24. Ng5 1-0

[Event "*** Titled Tuesday Blitz"]
[Site "Chess.com"]
[Date "2018.05.01"]
[Round "1"]
[White "FastChance"]
[Black "Hanging_pointer"]
[Result "1-0"]
[WhiteElo "2657"]
[BlackElo "2331"]
[TimeControl "180+2"]
[EndTime "13:06:38 PDT"]
[Termination "FastChance won by resignation"]

1. e4 e5 2. Nf3 Nf6 3. Nc3 Bb4 4. Bc4 d6 5. d3 Nc6 6. h3 d5 7. exd5 Nxd5 8. Bd2 Nxc3 9. bxc3 Be7 10. O-O Qd6 11.
Re1 Rb8 12. Bb5 O-O 13. Bxc6 Qxc6 14. Nxe5 Qf6 15. Qf3 Be6 16. c4 Rfe8 17. Bc3 Qxf3 18. Nxf3 Bd6 19. Rab1 b6 20. Be5 Re7 21. Bxd6 cxd6 22.
Nd4 Rbe8 23. Re3 Bd7 24. Rbe1 Re5 25. Nf3 Rxe3 26. Rxe3 Kf8 27. Rxe8+ Kxe8 28. Nd4 Ke7 29. f4 h5 30. Kf2 h4 31. Nf3 Ba4 32. c3 Ke6 33. Ke3 f6 34. Nxh4 Bc2 35. g4 g5 36.
fxg5 fxg5 37. Nf3 Kf6 38. Nd2 Kg6 39. Ne4 Bb1 40. a3 d5 41. cxd5 Bc2 42. d6 Ba4 43. c4 Bd7 44. c5 Bc6 45. d4 bxc5 46. dxc5 Bd7 47. Kd4 Bc6 48. Ke5 a5 49. Ng3 Kf7 50. Nf5 1-0

[Event "*** Titled Tuesday Blitz"]
[Site "Chess.com"]
[Date "2018.05.01"]
[Round "1"]
[White "Firouzja2003"]
[Black "pulvettd"]
[Result "1-0"]
[WhiteElo "2855"]
[BlackElo "2405"]
[TimeControl "180+2"]
[EndTime "13:06:40 PDT"]
[Termination "Firouzja2003 won by checkmate"]

1. d4 Nf6 2. c4 g6 3. Nc3 Bg7 4. e4 d6 5. Nf3 O-O 6. Be2 c5 7. O-O cxd4 8. Nxd4 Nc6 9. Nc2 Nd7 10. Bd2 Nc5 11.
b4 Bxc3 12. Bxc3 Nxe4 13. Bb2 e5 14. Bf3 Ng5 15. Bxc6 bxc6 16. f4 Ne4 17. fxe5 dxe5 18. Qe1 f5 19. Bxe5 Be6 20. Rd1 Qe7 21. Ne3 Rad8 22. Ng4 Bxc4 23. Nh6# 1-0

[Event "*** Titled Tuesday Blitz"]
[Site "Chess.com"]
[Date "2018.05.01"]
[Round "1"]
[White "Flawless2018"]
[Black "Morshynska"]
[Result "1/2-1/2"]
[WhiteElo "2467"]
[BlackElo "2144"]
[TimeControl "180+2"]
[EndTime "13:06:43 PDT"]
[Termination "Game drawn by agreement"]

1. Nf3 Nf6 2. c4 e6 3. Nc3 c5 4. g3 b6 5. Bg2 Bb7 6. O-O Be7 7. Re1 d5 8. cxd5 Nxd5 9. d4 cxd4 10. Nxd5 Qxd5 11.
Qxd4 Qxd4 12. Nxd4 Bxg2 13. Kxg2 O-O 14. e4 Rd8 15.
Be3 Bc5 16. Red1 Bxd4 17. Bxd4 Nc6 18. Bc3 Kf8 19. Kf3 Rxd1 20. Rxd1 Rd8 21. Rxd8+ Nxd8 22. Ke3 Nc6 23. Kd3 f6 24. Kc4 a6 25. b4 Ne5+ 26.
Bxe5 fxe5 27. a4 Ke7 28. a5 bxa5 29. bxa5 Kd6 30. Kb4 Kc6 31. Kc4 g5 32. f3 Kd6 33.
h3 h5 34. Kb4 h4 35. gxh4 gxh4 36. Kc4 Kc6 1/2-1/2

[Event "*** Titled Tuesday Blitz"]
[Site "Chess.com"]
[Date "2018.05.01"]
[Round "1"]
[White "Turkey-Champion"]
[Black "Indianlad"]
[Result "0-1"]
[WhiteElo "2300"]
[BlackElo "2633"]
[TimeControl "180+2"]
[EndTime "13:06:51 PDT"]
[Termination "Indianlad won by resignation"]

1. e4 e5 2. Nf3 Nc6 3. Bc4 Bc5 4. c3 Nf6 5. d3 O-O 6. O-O d5 7.
exd5 Nxd5 8. b4 Be7 9. b5 Na5 10. Nxe5 Bf6 11. f4 Nxc4 12. dxc4 Nb6 13. Qxd8 Rxd8 14.
c5 Na4 15. Be3 Bf5 16. Bd4 Be7 17. c6 b6 18. Nd2 f6 19. Nef3 Rd5 20. Rfe1 Ba3 21.
Nc4 Bf8 22. Ne3 Rxb5 23. c4 Ra5 24. Nd5 Kf7 25. Nxc7 Rc8 26. Nb5 Rxc6 27. Rac1 Bb4 28. Red1 a6 29. Na7 Rc7 30. c5 Bxc5 31. Bxc5 Raxc5 32. Rxc5 bxc5 33. Rc1 Rxa7 34. Rc4 Bd7 35. Nd2 Bb5 36.
Rc3 Ke6 37. Ne4 Nxc3 38. Nxc3 Rd7 39. Ne4 Kd5 40. Nc3+ Kd4 41. Ne4 0-1

[Event "*** Titled Tuesday Blitz"]
[Site "Chess.com"]
[Date "2018.05.01"]
[Round "1"]
[White "abubakrtagelsir"]
[Black "platy3"]
[Result "0-1"]
[WhiteElo "2333"]
[BlackElo "2661"]
[TimeControl "180+2"]
[EndTime "13:07:01 PDT"]
[Termination "platy3 won by resignation"]

1. e4 c5 2. Nc3 Nc6 3. f4 e6 4. Nf3 d5 5. Bb5 Ne7 6. O-O a6 7. Bxc6+ Nxc6 8. d3 Be7 9. a3 O-O 10. Qe1 Nd4 11. Qf2 Bf6 12. e5 Nxf3+ 13. Qxf3 Be7 14. Ne2 f5 15. c3 b5 16. Be3 Bb7 17. Qf2 Rc8 18.
d4 c4 19. Rad1 a5 20. Kh1 b4 21. axb4 axb4 22. Ra1 Ra8 23. Bd2 b3 24. Rfb1 Qb6 25. Qf1 Ra2 26. Nc1 Rxa1 27. Rxa1 Ra8 28. Ne2 Ra2 29. Rb1 Qa7 30. Qd1 Bc6 31. Ng1 Be8 32.
g4 fxg4 33. Qxg4 Qd7 34. Ne2 Bg6 35. Rf1 Rxb2 36. Be3 Bf5 0-1

[Event "*** Titled Tuesday Blitz"]
[Site "Chess.com"]
[Date "2018.05.01"]
[Round "1"]
[White "Kimster98"]
[Black "ChessicallyInclined"]
[Result "1-0"]
[WhiteElo "2515"]
[BlackElo "2186"]
[TimeControl "180+2"]
[EndTime "13:07:10 PDT"]
[Termination "Kimster98 won by resignation"]

1. e4 e5 2. Nf3 Nc6 3. d4 exd4 4. Nxd4 Nf6 5. Nxc6 bxc6 6. Qe2 d5 7. exd5+ Be7 8.
dxc6 O-O 9. Qd3 Re8 10. Qxd8 Bb4+ 11. Kd1 Bg4+ 12. f3 Raxd8+ 13. Bd3 Bf5 14. Bd2 Bxd2 15. Kxd2 Bxd3 16. cxd3 Nd5 17. Nc3 Nb4 18. Rae1 Rxe1 19.
Rxe1 Nxd3 20. Re7 Nf4+ 21. Rd7 Rxd7+ 22. cxd7 Ne6 23. Nb5 Kf8 24. Nxc7 Nd8 25. Nd5 a6 26. Kd3 f6 27. f4 Kf7 28. f5 g6 29. g4 h5 30. h3 hxg4 31. hxg4 gxf5 32. gxf5 Nc6 33. Kc3 Kf8 34. b4 Kf7 35. a4 Kf8 36. b5 axb5 37.
axb5 Nd8 38. Kc4 Nb7 39. b6 Kf7 40. Kb5 Nd8 41. Ka6 Nc6 42. Kb7 Nd8+ 43. Kc7 1-0

[Event "*** Titled Tuesday Blitz"]
[Site "Chess.com"]
[Date "2018.05.01"]
[Round "1"]
[White "pKiLz5Rn9b"]
[Black "bugsbunny444"]
[Result "1-0"]
[WhiteElo "2649"]
[BlackElo "2323"]
[TimeControl "180+2"]
[EndTime "13:07:12 PDT"]
[Termination "pKiLz5Rn9b won by resignation"]

1. Nf3 d5 2. b3 Nf6 3. Bb2 e6 4. g3 Be7 5. Bg2 O-O 6. O-O c5 7. e3 b6 8. c4 Ba6 9. Ne5 Qc8 10. Nc3 Nbd7 11. Nxd7 Qxd7 12. Qe2 d4 13. exd4 cxd4 14.
Ne4 Bb7 15. d3 e5 16. Rfe1 Nxe4 17. Bxe4 Bb4 18. Bxb7 Qxb7 19. Qe4 Qd7 20. Re2 Rae8 21. a3 f5 22. Qg2 Bc3 23. Bxc3 dxc3 24. Qf3 Rd8 25.
Rxe5 Qxd3 26. Re3 Qd2 27. Rxc3 f4 28. g4 Rfe8 29. Rf1 Re1 30. h3 g5 31. c5 Rxf1+ 32. Kxf1 Re8 33. cxb6 axb6 34. Kg2 h6 35. Rd3 Qc2 36.
Qd5+ Kh8 37. Qd4+ Kg8 38. Rc3 Qe2 39. Qd5+ Kh8 40. Rc6 Qe4+ 41. Qxe4 Rxe4 42. Rxh6+ Kg7 43. Rxb6 1-0

[Event "*** Titled Tuesday Blitz"]
[Site "Chess.com"]
[Date "2018.05.01"]
[Round "1"]
[White "FLchessplayer"]
[Black "LisikValera"]
[Result "1-0"]
[WhiteElo "2026"]
[BlackElo "2425"]
[TimeControl "180+2"]
[EndTime "13:07:13 PDT"]
[Termination "FLchessplayer won by resignation"]

1. d4 d5 2. Nf3 Nf6 3. e3 c6 4.
c4 Bg4 5. Nc3 e6 6. Be2 Nbd7 7.
Qb3 Qb6 8. c5 Qxb3 9. axb3 a6 10. b4 Rc8 11. Nd2 Bxe2 12. Kxe2 Be7 13. f3 e5 14. Kd3 exd4 15. exd4 O-O 16. Re1 Bd8 17. Nb3 Bc7 18. g3 Rfe8 19. Bg5 Rxe1 20. Rxe1 Re8 21. Rxe8+ Nxe8 22. Ke3 f6 23. Bf4 Bd8 24. g4 Kf7 25.
Kd3 g6 26. Bg3 Ng7 27. Ne2 Ne6 28. Nf4 Nxf4+ 29. Bxf4 Nf8 30. Bg3 Ne6 31. Nc1 g5 32.
Ke3 Kg6 33. Nd3 Be7 34. f4 gxf4+ 35. Nxf4+ Nxf4 36. Bxf4 f5 37. h3 fxg4 38. hxg4 Bh4 39. Ke2 Kf6 40. Bd2 Kg6 41. Kf3 h5 42. Bc3 Bg5 43.
Be1 Bc1 44. Bc3 h4 45. b3 Kg5 46. Be1 Bf4 47. Bxh4+ 1-0

[Event "*** Titled Tuesday Blitz"]
[Site "Chess.com"]
[Date "2018.05.01"]
[Round "1"]
[White "Rock700chess"]
[Black "nau64"]
[Result "0-1"]
[WhiteElo "2393"]
[BlackElo "2120"]
[TimeControl "180+2"]
[EndTime "13:07:14 PDT"]
[Termination "nau64 won by checkmate"]

1. d4 Nf6 2. c4 g6 3. g3 Bg7 4. Bg2 d5 5. cxd5 Nxd5 6. Nf3 O-O 7. O-O Nb6 8. Nc3 Nc6 9. e3 Re8 10. d5 Na5 11. Nd4 e5 12. dxe6 Bxe6 13. Nxe6 Qxd1 14. Rxd1 Rxe6 15. e4 Nbc4 16. Rd7 Rb6 17. Rxc7 Nxb2 18. Bxb2 Rxb2 19. Rc1 Rd8 20. Nd5 Be5 21. Re7 Bd4 22.
Ne3 Bxe3 23. fxe3 Nc6 24. Rc7 Rxa2 25. Rxb7 Rdd2 26. Bh3 Ne5 27. Rc8+ Kg7 28. Rc1 Nf3+ 29. Kf1 Nxh2+ 30. Kg1 Nf3+ 31. Kf1 Rf2# 0-1

[Event "*** Titled Tuesday Blitz"]
[Site "Chess.com"]
[Date "2018.05.01"]
[Round "1"]
[White "BjarkeSahl"]
[Black "Storne89"]
[Result "0-1"]
[WhiteElo "2225"]
[BlackElo "2530"]
[TimeControl "180+2"]
[EndTime "13:07:15 PDT"]
[Termination "Storne89 won by resignation"]

1. e4 e5 2. Nf3 Nc6 3. d4 exd4 4. Bc4 Nf6 5. e5 Ng4 6. Bxf7+ Kxf7 7. Ng5+ Kg8 8. Qf3 Bb4+ 9. c3 Qe7 10. cxb4 Ngxe5 11. Qb3+ Kf8 12. O-O h6 13. f4 Nf7 14. Nxf7 Qxf7 15. Qxf7+ Kxf7 16. a3 d6 17. Nd2 Bf5 18. Nf3 a6 19. Bd2 Rhe8 20. Rac1 Be4 21. Nh4 Bd5 22. Rf2 g6 23. f5 g5 24. Ng6 Re4 25. h4 gxh4 26.
Bxh6 Rg4 27. Nf4 Be4 28. Re1 d5 29. Ne2 Rag8 30. Nf4 Rh8 0-1

[Event "*** Titled Tuesday Blitz"]
[Site "Chess.com"]
[Date "2018.05.01"]
[Round "1"]
[White "GP9isback23"]
[Black "Maitreia"]
[Result "1-0"]
[WhiteElo "2254"]
[BlackElo "2530"]
[TimeControl "180+2"]
[EndTime "13:07:16 PDT"]
[Termination "GP9isback23 won by resignation"]

1. d4 Nf6 2. Nf3 g6 3. g3 Bg7 4. Bg2 O-O 5. O-O Nc6 6. c4 d6 7. Nc3 Rb8 8. h3 a6 9. b3 b5 10. Be3 Bd7 11. Rc1 bxc4 12. bxc4 Na5 13. c5 Nc4 14.
Bg5 dxc5 15. dxc5 Bc6 16. Nd4 Bxg2 17. Kxg2 h6 18. Bxf6 Bxf6 19. Nc6 Qxd1 20. Rfxd1 Nb2 21. Rd7 Rbe8 22. Nd5 Kg7 23. Nxf6 exf6 24. e3 Na4 25.
Ne7 Rb8 26. Rxc7 Rb2 27. Ra7 Re8 28. c6 Rxa2 29. Nd5 Rc8 30. c7 Nb2 31. Ne7 Nd3 32. Nxc8 Nxc1 33. Nd6 Nd3 34. c8=Q Rxf2+ 35. Kg1 1-0

[Event "*** Titled Tuesday Blitz"]
[Site "Chess.com"]
[Date "2018.05.01"]
[Round "1"]
[White "r31415"]
[Black "Alzhur"]
[Result "1-0"]
[WhiteElo "2193"]
[BlackElo "2491"]
[TimeControl "180+2"]
[EndTime "13:07:19 PDT"]
[Termination "r31415 won by checkmate"]

1. e4 c5 2. Nf3 e6 3. d4 cxd4 4. Nxd4 a6 5. c4 Nf6 6. Nc3 Bb4 7. Qd3 Nc6 8. Nc2 Be7 9. Be2 Qc7 10. O-O O-O 11.
f4 d6 12. Be3 b6 13. Rac1 Bb7 14. Bf3 Rac8 15. Rfd1 Nd7 16. b4 Qb8 17. Na4 Ba8 18. e5 b5 19. cxb5 axb5 20. exd6 Bf6 21. Nc5 Rfd8 22. Nxd7 Rxd7 23. Bc5 Na5 24. Ne3 Bxf3 25. gxf3 Qb7 26. bxa5 Qxf3 27. Ng2 Qb7 28. Bb6 g6 29. Ne3 Kg7 30. Ng4 Bb2 31. Bd4+ Bxd4+ 32. Qxd4+ Kg8 33.
Nh6+ Kf8 34. Qh8# 1-0

[Event "*** Titled Tuesday Blitz"]
[Site "Chess.com"]
[Date "2018.05.01"]
[Round "1"]
[White "nOcHeaTiNgKiD"]
[Black "TigranLPetrosyan"]
[Result "0-1"]
[WhiteElo "2348"]
[BlackElo "2670"]
[TimeControl "180+2"]
[EndTime "13:07:20 PDT"]
[Termination "TigranLPetrosyan won on time"]

1. d4 d5 2. c4 c6 3. cxd5 cxd5 4. Bf4 Nf6 5. Nc3 Nc6 6. e3 a6 7. Bd3 Bg4 8. Nge2 Rc8 9. O-O e6 10. Rc1 Bd6 11. f3 Bh5 12. Na4 Bxf4 13. Nxf4 Bg6 14.
Qd2 O-O 15. a3 Qd6 16. Nb6 Rc7 17. Bxg6 hxg6 18. Rc2 Ne7 19. Na4 Rxc2 20. Qxc2 Rc8 21. Qb3 Nf5 22. Nc5 Nxd4 23. Qxb7 Qxc5 24. exd4 Qxd4+ 25.
Kh1 Rc2 26. Nh3 Qd2 27. Qb8+ Kh7 0-1

[Event "*** Titled Tuesday Blitz"]
[Site "Chess.com"]
[Date "2018.05.01"]
[Round "1"]
[White "MehdiHosseinipour"]
[Black "plumalka"]
[Result "1-0"]
[WhiteElo "2439"]
[BlackElo "1986"]
[TimeControl "180+2"]
[EndTime "13:07:21 PDT"]
[Termination "MehdiHosseinipour won by resignation"]

1. Nf3 d5 2. g3 g6 3. Bg2 Bg7 4. O-O Nf6 5. d4 O-O 6. c4 c6 7. Qb3 Nbd7 8. Rd1 dxc4 9. Qxc4 Nb6 10. Qb3 Be6 11. Qc2 Bd5 12. Nc3 Rc8 13. e4 Bc4 14. b3 Ba6 15. Ba3 Qc7 16. Rac1 Rfd8 17. Ne2 Ne8 18.
Nf4 Nd6 19. h4 Nd7 20. Bh3 e6 21. h5 Nf8 22. hxg6 hxg6 23. Bxd6 Qxd6 24. e5 Qe7 25. Qe4 b6 26. Bg2 Bb7 27. Qe3 c5 28. dxc5 Rxd1+ 29. Rxd1 Qxc5 30. Qxc5 Rxc5 31. Nd3 Rc3 32. Nd4 Bxg2 33.
Kxg2 Nd7 34. f4 Nc5 35. Nxc5 bxc5 36. Nf3 c4 37. bxc4 Rxc4 38. Rd8+ Bf8 39. Kh3 Kg7 40.
Nd2 Rc2 41. Ne4 Rxa2 42. Rd7 a5 43. Ng5 a4 44. Rxf7+ Kg8 45. Ra7 a3 46. Nxe6 Bb4 47. Kg4 Rd2 48. Kg5 Rd3 49. g4 Rc3 50. Kxg6 Rc8 51.
f5 Bc3 52. Rg7+ Kh8 53. Rh7+ Kg8 54. f6 Rf8 55. f7+ Rxf7 56. Rxf7 a2 57. g5 Bb4 58. Rg7+ Kh8 59. Nd8 1-0

[Event "*** Titled Tuesday Blitz"]
[Site "Chess.com"]
[Date "2018.05.01"]
[Round "1"]
[White "AnishGiri"]
[Black "josiwales"]
[Result "1-0"]
[WhiteElo "2831"]
[BlackElo "2403"]
[TimeControl "180+2"]
[EndTime "13:07:26 PDT"]
[Termination "AnishGiri won by resignation"]

1. e4 c5 2. Nf3 Nc6 3. Bb5 g6 4. Bxc6 bxc6 5. d4 cxd4 6. Qxd4 Nf6 7. e5 Nd5 8. O-O Bg7 9. c4 Nc7 10. Qh4 Ne6 11. Bd2 Rb8 12. Bc3 O-O 13. Nbd2 d5 14. exd6 exd6 15. Qxd8 Rxd8 16. Bxg7 Kxg7 17. b3 d5 18. cxd5 cxd5 19. Ne5 Nd4 20. Ndf3 Ne2+ 21. Kh1 Rb6 22. Rfe1 Nf4 23. Nd4 Bf5 24. Rac1 Ra6 25. a4 Be6 26. g3 Nh3 27. Kg2 Ng5 28. f3 f6 29. Rc7+ Kg8 30. Nec6 Rd6 31. h4 Bh3+ 32. Kh2 Bd7 33. Ne7+ Kf7 34. hxg5 Rab6 35. Nc8 1-0

[Event "*** Titled Tuesday Blitz"]
[Site "Chess.com"]
[Date "2018.05.01"]
[Round "1"]
[White "dhanushbharadwaj"]
[Black "LuisFSiles"]
[Result "1-0"]
[WhiteElo "2529"]
[BlackElo "2223"]
[TimeControl "180+2"]
[EndTime "13:07:26 PDT"]
[Termination "dhanushbharadwaj won by resignation"]

1. Nf3 Nf6 2. c4 g6 3. b4 Bg7 4.
Bb2 O-O 5. e3 d6 6. Be2 e5 7. d3 a5 8. a3 axb4 9. axb4 Rxa1 10.
Bxa1 Nc6 11. b5 Ne7 12. Nbd2 Bf5 13. O-O Nd7 14. e4 Bg4 15. h3 Bxf3 16. Nxf3 Nc5 17. Qc2 Ne6 18. Rd1 c5 19. Bc3 Nf4 20. Bf1 Qd7 21. Ra1 h6 22. Ra7 f5 23. exf5 Nxf5 24. g3 Ne6 25. Bg2 e4 26. dxe4 Nfd4 27. Bxd4 Nxd4 28.
Qd3 Nxf3+ 29. Bxf3 Bd4 30. Kg2 Qf7 31. e5 Kh8 32. Rxb7 Qe6 33. exd6 Qxd6 34. Ra7 Qb6 35. Ra6 Qb8 36. Rxg6 1-0

[Event "*** Titled Tuesday Blitz"]
[Site "Chess.com"]
[Date "2018.05.01"]
[Round "1"]
[White "goingin33"]
[Black "nubair1198"]
[Result "0-1"]
[WhiteElo "2216"]
[BlackElo "2527"]
[TimeControl "180+2"]
[EndTime "13:07:26 PDT"]
[Termination "nubair1198 won by resignation"]

1. e4 c6 2. d4 d5 3. e5 c5 4. dxc5 e6 5. Be3 Nd7 6. Bb5 Ne7 7. Bxd7+ Bxd7 8. Nf3 Nf5 9. Bd4 Nxd4 10. Qxd4 a5 11.
c3 Rc8 12. b4 axb4 13. cxb4 b6 14. O-O bxc5 15. bxc5 Bxc5 16. Qg4 O-O 17. Nbd2 Bb5 18. Rfb1 Bd3 19. Rb7 Rb8 20. Rb3 Bf5 21. Qa4 Qc7 22.
Rxb8 Rxb8 23. Nd4 Qxe5 24. N2f3 Qf6 25. Rc1 Bxd4 26. Nxd4 h5 27. Nxf5 Qxf5 28. h3 Rb2 29.
Qh4 Rxa2 30. g4 g5 31. Qg3 h4 32. Qe3 Qf6 33. Rc8+ Kg7 34. Qd3 Qxf2+ 0-1

[Event "*** Titled Tuesday Blitz"]
[Site "Chess.com"]
[Date "2018.05.01"]
[Round "1"]
[White "Keranke"]
[Black "SCIM"]
[Result "1-0"]
[WhiteElo "2684"]
[BlackElo "2364"]
[TimeControl "180+2"]
[EndTime "13:07:27 PDT"]
[Termination "Keranke won by resignation"]

1. d4 d5 2. Bf4 Nf6 3. e3 e6 4.
Nf3 Bd6 5. Ne5 Nbd7 6. Nd2 O-O 7. Bd3 Qe7 8. Qf3 Ne8 9. Qh3 f5 10. g4 g5 11. gxf5 exf5 12. Rg1 g4 13. Bxf5 Rxf5 14. Qxg4+ Ng7 15. Qxf5 Nxe5 16. Qh5 Ng6 17. Qxd5+ Be6 18. Bxd6 cxd6 19. Qg5 Qf7 20. Ne4 Kh8 21. Nxd6 Qc7 22. Qc5 Qxc5 23. dxc5 Ne5 24. O-O-O Rf8 25. f4 Ng4 26.
Nxb7 Nxe3 27. Rd8 Rxd8 28. Nxd8 Bd5 29. c6 Ne8 30. Re1 1-0

[Event "*** Titled Tuesday Blitz"]
[Site "Chess.com"]
[Date "2018.05.01"]
[Round "1"]
[White "Siemba"]
[Black "belisarius64"]
[Result "0-1"]
[WhiteElo "2053"]
[BlackElo "2467"]
[TimeControl "180+2"]
[EndTime "13:07:27 PDT"]
[Termination "belisarius64 won by resignation"]

1. e4 c5 2. Nf3 e6 3. d4 cxd4 4. Nxd4 a6 5. Bd3 Bc5 6. Nb3 Ba7 7. Qg4 Nf6 8. Qh4 Nc6 9. Bg5 Ne5 10. Nc3 Ng6 11. Qg3 h6 12. Be3 Bb8 13. Qf3 O-O 14. O-O Qc7 15. g3 b5 16. a3 Bb7 17. Rfe1 Ne5 18.
Qe2 Nxd3 19. cxd3 d5 20. Rac1 Qd8 21. Nc5 Bc6 22. exd5 Nxd5 23. Qg4 Nxe3 24. Rxe3 Ba7 25. d4 Bxc5 26. dxc5 Qd2 27. Rb1 Rad8 28. Qd1 a5 29.
Re2 Qxd1+ 30. Rxd1 Rxd1+ 31. Nxd1 Rd8 32. Ne3 b4 33. f4 Bb5 34. Rc2 Rd3 35. Kf2 b3 36.
Rc3 Rxc3 0-1

[Event "*** Titled Tuesday Blitz"]
[Site "Chess.com"]
[Date "2018.05.01"]
[Round "1"]
[White "matiss90"]
[Black "GrigorGrigorov"]
[Result "0-1"]
[WhiteElo "2322"]
[BlackElo "2648"]
[TimeControl "180+2"]
[EndTime "13:07:29 PDT"]
[Termination "GrigorGrigorov won on time"]

1. e4 d5 2. exd5 Qxd5 3. Nc3 Qd8 4. d4 Nf6 5. Nf3 Bg4 6. h3 Bxf3 7. Qxf3 c6 8. Be3 e6 9. g4 Bb4 10. Bd3 Qa5 11. Bd2 Nd5 12. Ne4 Bxd2+ 13. Nxd2 Nd7 14.
c3 Qc7 15. O-O-O Qf4 16. Qe2 O-O-O 17. Kb1 h5 18. gxh5 N5f6 19. Rhg1 Nxh5 20. Ne4 g6 21. Rg4 Qc7 22. Ng5 Ndf6 23. Rgg1 Nf4 24. Qf3 Rh4 25. Bc2 Rdh8 26. Bb3 Nh7 27. Ne4 Rxh3 28. Rg3 Rh4 29. a4 Kb8 30. Nc5 Nf6 31. a5 Qxa5 32. Nd7+ Nxd7 0-1

[Event "*** Titled Tuesday Blitz"]
[Site "Chess.com"]
[Date "2018.05.01"]
[Round "1"]
[White "catalin009"]
[Black "Sanan_Sjugirov"]
[Result "0-1"]
[WhiteElo "2399"]
[BlackElo "2793"]
[TimeControl "180+2"]
[EndTime "13:07:30 PDT"]
[Termination "Sanan_Sjugirov won by resignation"]

1. e4 c5 2. Nf3 Nc6 3. Bb5 g6 4. Bxc6 dxc6 5. d3 Bg7 6. h3 e5 7.
Be3 b6 8. a4 a5 9. Nbd2 Ne7 10.
Nc4 f6 11. Qd2 h5 12. b4 axb4 13.
a5 bxa5 14. Bxc5 O-O 15. O-O Be6 16. Bb6 Qb8 17. Bxa5 c5 18. Qe3 Qb5 19. Nfd2 Ra6 20. Bc7 Rfa8 21. Rxa6 Rxa6 22. Bd6 Nc6 23. Bxc5 Ra2 24.
f4 exf4 25. Qxf4 Qxc5+ 26. Kh1 Ne5 27. Nb3 Qa7 28. Ne3 Bxb3 29. cxb3 Nxd3 30. Qd6 Qxe3 0-1

[Event "*** Titled Tuesday Blitz"]
[Site "Chess.com"]
[Date "2018.05.01"]
[Round "1"]
[White "daro94"]
[Black "amatatanav"]
[Result "1-0"]
[WhiteElo "2723"]
[BlackElo "2371"]
[TimeControl "180+2"]
[EndTime "13:07:32 PDT"]
[Termination "daro94 won on time"]

1. d4 Nf6 2. Nf3 e6 3. Bf4 b6 4. e3 Bb7 5. Be2 Be7 6. O-O Nh5 7. c4 O-O 8. Nc3 Nxf4 9. exf4 d5 10. Re1 dxc4 11. Bxc4 Bb4 12. Rc1 Nd7 13. Bd3 Nf6 14. Ne5 c5 15. dxc5 Bxc5 16. Qe2 Qd4 17. g3 Rfd8 18. Rcd1 Qb4 19. a3 Qa5 20. Nc4 Qa6 21.
b4 b5 22. Na5 Be7 23. Bxb5 Qb6 24. Nxb7 Qxb7 25. Bd3 a5 26. Ne4 Nd5 27. Nc5 Bxc5 28.
bxc5 Nc3 29. Bxh7+ Kxh7 30. Qc2+ Ne4 31. Rxd8 Rxd8 32.
c6 Qb6 33. Rxe4 Rd5 34. Rb4+ 1-0

[Event "*** Titled Tuesday Blitz"]
[Site "Chess.com"]
[Date "2018.05.01"]
[Round "1"]
[White "Frolik67"]
[Black "silverback96"]
[Result "1-0"]
[WhiteElo "2446"]
[BlackElo "2042"]
[TimeControl "180+2"]
[EndTime "13:07:35 PDT"]
[Termination "Frolik67 won by resignation"]

1. e4 e6 2. d3 d5 3. Nd2 Nc6 4. Ngf3 Nf6 5. g3 dxe4 6. dxe4 Bc5 7. Bg2 O-O 8. O-O e5 9. c3 a5 10. Nc4 Qxd1 11. Rxd1 Nxe4 12. Be3 Bxe3 13. fxe3 f6 14. Nfxe5 fxe5 15. Bxe4 Be6 16. Bxc6 Bxc4 17. Bd5+ Bxd5 18. Rxd5 e4 19. Rad1 Rf3 20. Rd7 Rf7 21. Rxf7 Kxf7 22. Rd7+ Kf6 23. Rxc7 b5 24. Rb7 b4 25. c4 Rc8 26. b3 Rd8 27. Rb6+ Kf7 28. Rb7+ Kf6 29. Rb6+ Kf7 30. c5 Rd1+ 31. Kg2 Rd2+ 32. Kh3 Rxa2 33. Ra6 h5 34. Ra8 g5 35. g4 h4 36. c6 Rc2 37. Rxa5 Rxc6 38. Rxg5 Rc3 39.
Kxh4 Rxe3 40. Re5 Kf6 41. Rf5+ Kg6 42. Rf4 Rxb3 43. Rxe4 Rb1 44. Re6+ Kg7 45. Rb6 b3 46. Kg5 b2 47. Rb7+ Kf8 48. h4 Kg8 49. h5 Kf8 50. h6 Kg8 51. Kg6 Kf8 52. g5 Rc1 53. Rb8+ Ke7 54. Rxb2 Rc6+ 55. Kg7 Ke6 56. h7 Rc7+ 57. Kg6 Rc8 58. Re2+ Kd7 59. Kg7 1-0

[Event "*** Titled Tuesday Blitz"]
[Site "Chess.com"]
[Date "2018.05.01"]
[Round "1"]
[White "TheCount"]
[Black "ruvat"]
[Result "1-0"]
[WhiteElo "2550"]
[BlackElo "2241"]
[TimeControl "180+2"]
[EndTime "13:07:36 PDT"]
[Termination "TheCount won by checkmate"]

1. b3 d5 2. Bb2 Bg4 3. f3 Bh5 4. Nh3 f6 5. Nf4 Bf7 6. d4 Nd7 7. e4 dxe4 8. fxe4 e5 9. Nd3 exd4 10. Bxd4 Ne7 11. Nd2 Nc6 12. Bb2 Bd6 13. Qe2 Nde5 14. O-O-O Qe7 15. Nf4 O-O-O 16. Nd5 Qe6 17. Nf3 Rhe8 18.
Qb5 Kb8 19. Be2 h6 20. Rhe1 Nxf3 21. gxf3 Be5 22. Ba3 g5 23. Bc4 Qh3 24. Ne7 Nxe7 25. Bxf7 Nc6 26. Bxe8 Rxe8 27. Re2 Qxf3 28. Bb2 Qf4+ 29.
Kb1 Bxb2 30. Kxb2 Qe5+ 31. Qxe5 Nxe5 32. Rf2 Re6 33. Rd8# 1-0